 Dungeon Crawl Stone Soup version 0.30-a0-465-g8901f6c8b5 (webtiles) character file.

Game seed: 5422145216250093691

83 Zonian the Magician (level 4, -8/31 HPs)
             Began as a Djinni Ice Elementalist on Dec 18, 2022.
             Was an Initiate of Nemelex Xobeh.
             Mangled by Crazy Yiuf
             ... wielding a +3 quarterstaff of chaos
              (11 damage)
             ... on level 3 of the Dungeon.
             The game lasted 00:03:41 (2515 turns).

Zonian the Magician (Djinni Ice Elementalist)       Turns: 2515, Time: 00:03:42

Health: -8/31      AC:  3    Str: 11    XL:     4   Next: 71%
Gold:   196        EV: 13    Int: 18    God:    Nemelex Xobeh [......] SH:  0 Dex: 14

rFire   + + +      SeeInvis .    g - +4 quarterstaff "Herann" {elec, Str+4}
rCold   x . .      Faith    .    (shield currently unavailable)
rNeg    . . .      Spirit   .    a - +0 robe
rPois   ∞          Reflect  .    (no helmet)
rElec   .          Harm     .    (no cloak)
rCorr   .          Rampage  .    p - +0 pair of gloves
Will    .....                    (boots unavailable)
Stlth   ++........               (no amulet)
HPRegen 0.25/turn                k - ring of protection from fire
MPRegen 0.00/turn                (no ring)

@: flying
A: sickness immunity, fire resistance 2, cold vulnerability 1, float, innate
caster, HP casting, extra vitality 1
a: Renounce Religion, Draw Escape, Draw Destruction, Draw Summoning


You were on level 3 of the Dungeon.
You worshipped Nemelex Xobeh.
Nemelex Xobeh was noncommittal.
You visited 1 branch of the dungeon, and saw 3 of its levels.

You collected 196 gold pieces.

Inventory:

Hand Weapons
 e - a +0 dagger
 g - the +4 quarterstaff "Herann" (weapon) {elec, Str+4}
   (You found it on level 2 of the Dungeon)

   It occasionally discharges a powerful burst of electricity upon striking a
   foe.
   Str:       It affects your strength (+4).
 u - a +0 dagger of electrocution
Armour
 a - a +0 robe (worn)
 c - a +0 buckler
 p - a +0 pair of gloves (worn)
Jewellery
 k - a ring of protection from fire (left hand)
Scrolls
 b - a scroll of magic mapping {unknown}
 h - a scroll of poison {unknown}
 m - a scroll of silence {unknown}
 n - a scroll of teleportation {unknown}
 o - a scroll of identify {unknown}
 q - a scroll of fog {unknown}
 s - a scroll of noise {unknown}
Potions
 d - 2 potions of lignification {unknown}
 f - 2 potions of heal wounds {unknown}
 i - a potion of flight {unknown}
 j - a potion of cancellation {unknown}
 l - a potion of resistance {unknown}
 r - a potion of brilliance {unknown}
 t - a potion of ambrosia {unknown}


   Skills:
 + Level 3.3 Dodging
 + Level 2.6 Stealth
 + Level 3.7 Spellcasting


You couldn't memorise any spells.
You knew the following spells:

 Your Spells              Type           Power      Damage    Failure   Level
a - Freeze                Ice            64%        1d7       3%          1
b - Frozen Ramparts       Ice            32%        1d5       10%         3
c - Ozocubu's Armour      Ice            16%        N/A       10%         3
d - Summon Ice Beast      Ice/Summ       16%        N/A       32%         4
e - Kiss of Death         Conj/Necr      64%        2d10      3%          1
Your spell library was empty.

Dungeon Overview and Level Annotations

Branches:
Dungeon (3/15)

Altars:
Nemelex Xobeh
Trog

Shops:
D:3 :

Annotations:
D:3 Crazy Yiuf


Innate Abilities, Weirdness & Mutations

You are immune to sickness and miasma.
You are immune to poison.
Your flesh is very heat resistant. (rF++)
You are vulnerable to cold. (rC-)
You float through the air rather than walking.
You learn spells naturally, not from books.
Your magical power is your life essence.
You have superior vitality. (+4 MHP)


Message History

The fungus is lightly damaged.
You hit the fungus. Lightning courses through the fungus!
The fungus is lightly damaged.
A nearby fungus withers and dies.
You hit the fungus.
The fungus begins to die.
The fungus is lightly damaged.
You hit the fungus.
The fungus is lightly damaged.
You sock the fungus!
The fungus is lightly damaged.
A nearby fungus withers and dies.
Found a hammer.
Found a runed translucent door.
Crazy Yiuf shouts!
Could not explore, unopened runed door.
Unknown command.
Unknown command.
As you open the door, it creaks loudly!
Crazy Yiuf laughs, "Snower verde turtle!"
Unknown command.
You sock Crazy Yiuf!
Crazy Yiuf is moderately wounded.
Crazy Yiuf hits you with a +3 quarterstaff of chaos!
Crazy Yiuf freezes you.
Crazy Yiuf hits you with a +3 quarterstaff of chaos!
Crazy Yiuf freezes you!
* * * LOW HITPOINT WARNING * * *
Casting: Freeze (safe; 3% risk of failure)
Confirm with . or Enter, or press ? or * to list all spells.
Aiming: Freeze (safe; 3% risk of failure)
Press: ? - help, Shift-Dir - straight line, f - Crazy Yiuf
Aim: Crazy Yiuf, wielding a +3 quarterstaff of chaos and wearing a +0 cloak (moderately wounded)
You freeze Crazy Yiuf.
Crazy Yiuf is heavily wounded.
* * * LOW HITPOINT WARNING * * *
Crazy Yiuf barely misses you.
You hit Crazy Yiuf.
Crazy Yiuf is almost dead.
Crazy Yiuf hits you with a +3 quarterstaff of chaos!
You die...
Your body disappears without a glow.

##### #.#####..##
#.# ##..# #.#
##.# ### #.. ###
### ######
#)..### ##P...##
#...g@####P#....#
#
#...##..#.......#
# ###
###.#.P....######
#######....##..
####.##.# #.##.#
#....# ######


You could see Crazy Yiuf.

Vanquished Creatures
  2 adders
  2 dart slugs
  A worm (D:2)
  5 orcs (D:3)
  3 endoplasms
  2 giant cockroaches
  5 goblins
  A hobgoblin (D:2)
  6 jackals (D:2)
  4 quokkas
  4 ball pythons
  3 bats
  4 kobolds
  7 rats
49 creatures vanquished.

Vanquished Creatures (others)
  2 fungi (D:3)
2 creatures vanquished.

Grand Total: 51 creatures vanquished

Notes
Turn   | Place    | Note
-------+----------+-------------------------------------------
     0 | D:1      | Zonian the Djinni Ice Elementalist began the quest for the
                  | Orb.
     0 | D:1      | Zonian set off with the following spells memorised: Freeze,
                  | Frozen Ramparts, Ozocubu's Armour, Summon Ice Beast.
     0 | D:1      | Reached XP level 1. HP: 15/15 MP: 0/0
   147 | D:1      | Reached XP level 2. HP: 19/21 MP: 0/0
   569 | D:2      | Identified the +4 quarterstaff "Herann" {elec, Str+4}
   629 | D:2      | Reached XP level 3. HP: 24/25 MP: 0/0
   629 | D:2      | Learned a level 1 spell: Kiss of Death
  1271 | D:2      | Found a sparkling altar of Nemelex Xobeh.
  1285 | D:2      | Reached XP level 4. HP: 29/31 MP: 0/0
  1297 | D:2      | Became a worshipper of Nemelex Xobeh the Trickster
  1630 | D:3      | Found a bloodstained altar of Trog.
  1710 | D:3      | Found Aliser's Vocational Training.
  2506 | D:3      | Found a runed translucent door.
  2507 | D:3      | Noticed Crazy Yiuf
  2515 | D:3      | Mangled by Crazy Yiuf

Illustrated notes

Levels and vault maps discovered:
D:1:      dpeg_arrival_long_road, layout_rooms
D:2:      layout_basic, basic_altar
D:3:      layout_basic, mainiacjoe_overflow_chevrons, nicolae_shop_vocational,
          uniq_crazy_yiuf_cottage

Skill      XL: |  1  2  3 |
---------------+----------+-----
Stealth        | 2 |  2.6
Dodging        | 3 |  3.3
Spellcasting   | |  3.7

Action                   |  1- 3 |  4- 6 || total
-------------------------+-------+-------++-------
Melee: Dagger            |     6 |       ||     6
       Unarmed           |     2 |       ||     2
       Quarterstaff      |    26 |    44 ||    70
 Cast: Freeze            |    27 |     2 ||    29
 Stab: Sleeping          |     1 |     4 ||     5
Armor: Robe              |     7 |     5 ||    12
Dodge: Dodged            |    36 |    22 ||    58
Block: Buckler           |     2 |       ||     2

Table legend: (Time is in decaauts)
 A = Elapsed time spent in this place.
 B = Non-inter-level travel time spent in this place.
 C = Inter-level travel time spent in this place.
 D = Time resting spent in this place.
 E = Time spent auto-exploring this place.
 F = Levels seen in this place.
 G = Mean time per level.
                   A        B        C        D        E       F      G
               +--------+--------+--------+--------+--------+-----+--------+
         Total |   2534 |   2495 |     39 |    262 |   1808 |   3 |  844.7 |
       Dungeon |   2534 |   2495 |     39 |    262 |   1808 |   3 |  844.7 |
               +--------+--------+--------+--------+--------+-----+--------+

Top non-repeatable levels by time:
     D:3: 1032 daAuts
     D:2: 950 daAuts
     D:1: 550 daAuts
